 Dungeon Crawl Stone Soup version 0.30.1-3-gfc49f6343a (webtiles) character file.

Game seed: 10392452648675561938

5714 DemonSlayer the Digger (level 10, -3/67 (68) HPs)
             Began as a Demonspawn Earth Elementalist on July 18, 2023.
             Was a Believer of Dithmenos.
             Slain by a human
             ... wielding a +0 flail
              (8 damage)
             ... on level 8 of the Dungeon.
             The game lasted 00:27:20 (9211 turns).

DemonSlayer the Digger (DsEE)                       Turns: 9211, Time: 00:27:20

HP:   -3/67 (68)    AC: 10    Str: 10    XL:     10   Next: 48%
MP:   0/21          EV: 14    Int: 11    God:    Dithmenos [**....]
Gold: 800           SH:  0    Dex: 23    Spells: 8/24 levels left

rFire   + + .        v - +4 trident "Zentuop" {flame, Fragile +Blink rC++ rCorr}
rCold   + + .        (no shield)
rNeg    . . .        d - +2 leather armour of Light {rPois rF+ Int-5 Stlth+}
rPois   +            c - +2 hat
rElec   .            n - +0 cloak
rCorr   +            (no gloves)
SInv    .            (no boots)
Will    .....        f - amulet of guardian spirit
Stlth   ++++++       i - ring of protection from fire
HPRegen 0.31/turn    m - +6 ring of dexterity
MPRegen 0.17/turn

%: guardian spirit
@: wreathed by umbra, lightly drained
A: claws 2, thin metallic scales 1, demonic guardian 2, demonic magic 2
a: Renounce Religion, Evoke Blink, Shadow Step


You were on level 8 of the Dungeon.
You worshipped Dithmenos.
Dithmenos was pleased with you.
You visited 2 branches of the dungeon, and saw 9 of its levels.
You also visited: Ossuary.

You collected 925 gold pieces.
You spent 125 gold pieces at shops.

Inventory:

Hand Weapons
 v - the +4 trident "Zentuop" (weapon) {flame, Fragile +Blink rC++ rCorr}
   (You found it on level 5 of the Dungeon)

   rC:        It greatly protects you from cold.
   +Blink:    It lets you blink.
   rCorr:     It protects you from acid and corrosion.
   Fragile:   It will be destroyed if unequipped.
 y - a +3 dagger of draining
Missiles
 w - 3 boomerangs of dispersal
 H - a curare-tipped dart
Armour
 c - a +2 hat (worn)
 d - the +2 leather armour of Light (worn) {rPois rF+ Int-5 Stlth+}
   (You took it off an orc wizard on level 5 of the Dungeon)

   Int:       It affects your intelligence (-5).
   rF:        It protects you from fire.
   rPois:     It protects you from poison.
   Stlth:     It makes you more stealthy.
 n - a +0 cloak (worn)
 B - the +0 robe of Roezus {rN+ Will+ Str-3 Dex+3}
   (You bought it in a shop on level 6 of the Dungeon)

   Str:       It affects your strength (-3).
   Dex:       It affects your dexterity (+3).
   rN:        It protects you from negative energy.
   Will:      It increases your willpower.
Jewellery
 f - an amulet of guardian spirit (around neck)
 i - a ring of protection from fire (left claw)
 j - a ring of protection from fire
 m - a +6 ring of dexterity (right claw)
 s - a ring of see invisible
 F - a +6 ring of dexterity
Wands
 b - a wand of flame (17)
 p - a wand of polymorph (12)
 r - a wand of quicksilver (9)
 E - a wand of paralysis (5)
Scrolls
 g - 2 scrolls of blinking
 h - a scroll of summoning
 l - 6 scrolls of teleportation
 t - 2 scrolls of poison
 C - 3 scrolls of magic mapping
 G - a scroll of identify
 I - a scroll of vulnerability {unknown}
Potions
 a - a potion of berserk rage {unknown}
 e - 2 potions of resistance {unknown}
 k - 2 potions of invisibility {unknown}
 o - 2 potions of attraction
 q - a potion of brilliance
 u - a potion of might {unknown}
 x - 2 potions of heal wounds
 A - a potion of haste
 D - a potion of degeneration {unknown}
 J - 3 potions of lignification {unknown}
 K - a potion of cancellation {unknown}


   Skills:
 + Level 2.7 Fighting
 + Level 0.4 Short Blades
 + Level 5.5 Polearms
 + Level 3.1 Armour
 + Level 3.8 Dodging
 + Level 7.1 Stealth
 + Level 7.5 Spellcasting
 + Level 0.8 Transmutations
 + Level 7.7 Earth Magic


You had 8 spell levels left.
You knew the following spells:

 Your Spells              Type           Power      Damage    Failure   Level
a - Sandblast             Erth           42%        2d11      1%          1
b - Stone Arrow           Conj/Erth      24%        3d8       13%         3
c - Passwall              Tmut/Erth      10%        N/A       5%          2
d - Petrify               Tmut/Erth      13%        N/A       36%         4
e - Iron Shot             Conj/Erth      6%         9d2       100%        6

Your spell library contained the following spells:

 Spells                   Type           Power      Damage    Failure   Level
 Animate Armour           Summ/Erth      24%        N/A       41%         4
 Blade Hands              Tmut           3%         N/A       99%         5


Dungeon Overview and Level Annotations

Branches:
Dungeon (8/15)             Temple (1/1) D:5            Lair (0/5) D:8
Ossuary (visited)

Altars:
Dithmenos
Fedhas
Nemelex Xobeh
Okawaru
Ru
Trog
Uskayaw
Wu Jian
Yredelemnul

Shops:
D:6 [   D:7 ((*(


Innate Abilities, Weirdness & Mutations

You have very sharp fingernails.
You are partially covered in thin metallic scales. (AC +2)
A demonic guardian rushes to your aid.
Spells you cast may paralyse nearby enemies.


Message History

You hit the human but do no damage.
The human is moderately wounded.
You feel sick. The human hits you with a +0 flail!
You hit the human but do no damage.
The human is moderately wounded.
You feel sick. The human hits you with a +0 flail.
You barely miss the human.
The human is moderately wounded.
You feel sick.
You are no longer poisoned.
The human hits you with a +0 flail.
* * * LOW HITPOINT WARNING * * *
You completely miss the human.
The human is moderately wounded.
The human completely misses you.
You hit the human but do no damage.
The human is moderately wounded.
The human hits you with a +0 flail.
* * * LOW HITPOINT WARNING * * *
You puncture the human! You burn the human.
The human is severely wounded.
The human completely misses you.
You miss the human.
The human is severely wounded.
The human hits you with a +0 flail.
* * * LOW HITPOINT WARNING * * *
You hit the human but do no damage.
The human is severely wounded.
The human hits you with a +0 flail!
* * * LOW HITPOINT WARNING * * *
A demonic guardian appears!
You barely miss the human.
The human is severely wounded.
The human barely misses you.
Your hellwing hits the human but does no damage.
Your hellwing hits the human. You hit the human. You burn the human.
The human is almost dead.
The human hits you with a +0 flail!
You die...

............###
..............#
..)....>......#
........y.....# ..
###...........# .# ##
##.......##.# .#..
#.......##.# .#'###.
##.....###.######.......
##...###....@p4#.......
##......#####.#..z....
######## #.......(.
##########


You could see a human (ally target) and a friendly hellwing (summoned).

Vanquished Creatures
  The ghost of Gorgoleon the Skirmisher, a novice KoHu (D:4)
  Grinder (D:6)
  5 yaks
  2 wyverns
  A basilisk (D:8)
  5 steam dragons
  4 humans (D:8)
  A sky beast (D:6)
  A black bear (D:8)
  2 ice beasts
  2 ogres
  A centaur (D:8)
  A phantom (D:5)
  Blork the orc (D:6)
  A kobold brigand (D:8)
  3 bullfrogs
  2 scorpions
  12 wights
  5 killer bees (D:8)
  5 centaur zombies (Ossuary)
  3 hounds
  A gnoll bouda (D:4)
  5 orc priests
  5 iguanas
  5 orc wizards
  5 mummies (Ossuary)
  6 adders
  4 gnolls (D:8)
  A shadow imp (D:6)
  A white imp (D:7)
  An ufetubus (D:6)
  4 worms
  2 dart slugs
  26 orcs
  12 bats
  3 endoplasms
  2 giant cockroaches
  4 goblins
  11 hobgoblins
  7 jackals
  6 ball pythons
  A frilled lizard (D:1)
  5 hobgoblin zombies (Ossuary)
  11 kobolds
187 creatures vanquished.

Vanquished Creatures (collateral kills)
  A black bear (D:5)
  An orc wizard (D:4)
  A jackal (D:2)
3 creatures vanquished.

Vanquished Creatures (others)
  A hound (D:4)
  A ball python (D:4)
2 creatures vanquished.

Grand Total: 192 creatures vanquished

Notes
Turn   | Place    | Note
-------+----------+-------------------------------------------
     0 | D:1      | DemonSlayer the Demonspawn Earth Elementalist began the
                  | quest for the Orb.
     0 | D:1      | Reached XP level 1. HP: 13/13 MP: 3/3
   127 | D:1      | Gained mutation: A weak demonic guardian rushes to your
                  | aid. [demonic ancestry]
   127 | D:1      | Reached XP level 2. HP: 5/19 MP: 0/5
  1076 | D:2      | Gained mutation: You have sharp fingernails. [demonic
                  | ancestry]
  1076 | D:2      | Reached XP level 3. HP: 24/24 MP: 2/6
  1222 | D:2      | You fall into a shaft and drop 2 floors!
  1298 | D:4      | Noticed Gorgoleon's ghost (novice KoHu)
  1301 | D:4      | Found a runed translucent gate.
  1302 | D:4      | Found a runed translucent gate.
  1306 | D:4      | Found a runed translucent gate.
  1329 | D:4      | Noticed a steam dragon
  1479 | D:3      | Found a bloodstained altar of Trog.
  1661 | D:3      | Gained mutation: A demonic guardian rushes to your aid.
                  | [demonic ancestry]
  1661 | D:3      | Reached XP level 4. HP: 30/30 MP: 4/8
  1704 | D:3      | Found a faded altar of an unknown god.
  2213 | D:2      | Learned a level 3 spell: Stone Arrow
  2216 | D:2      | Learned a level 2 spell: Passwall
  2962 | D:4      | Noticed an ogre
  3100 | D:4      | Gained mutation: You are partially covered in thin metallic
                  | scales. (AC +2) [demonic ancestry]
  3100 | D:4      | Reached XP level 5. HP: 20/35 MP: 1/10
  3328 | D:4      | Identified the +8 short sword of the Spider Nest {pain,
                  | rPois rF+ rC+}
  3465 | D:5      | Entered Level 5 of the Dungeon
  3512 | D:5      | Noticed a black bear
  3606 | D:5      | Identified the +4 trident "Zentuop" {flame, Fragile +Blink
                  | rC++ rCorr}
  3680 | D:5      | Noticed a phantom
  3704 | D:5      | Killed a phantom
  3705 | D:5      | Gained mutation: Spells you cast may paralyse adjacent
                  | enemies. [demonic ancestry]
  3705 | D:5      | Reached XP level 6. HP: 40/41 MP: 1/12
  3825 | D:5      | Found a staircase to the Ecumenical Temple.
  3837 | Temple   | Entered the Ecumenical Temple
  3866 | Temple   | Became a worshipper of Dithmenos the Shadowed
  3907 | D:5      | Identified the +2 leather armour of Light {rPois rF+ Int-5
                  | Stlth+}
  4129 | D:5      | Reached skill level 1 in Polearms
  5028 | D:6      | Reached XP level 7. HP: 43/47 MP: 14/14
  5042 | D:6      | Noticed Grinder
  5059 | D:6      | Killed Grinder
  5060 | D:6      | Reached skill level 1 in Fighting
  5219 | D:6      | Reached skill level 1 in Armour
  5245 | D:6      | Reached skill level 5 in Spellcasting
  5318 | D:6      | Found a blossoming altar of Fedhas.
  5472 | D:6      | Found a sand-covered staircase.
  5481 | Ossuary  | Entered an ossuary
  5736 | Ossuary  | Gained mutation: Spells you cast may paralyse nearby
                  | enemies. [demonic ancestry]
  5736 | Ossuary  | Reached XP level 8. HP: 54/54 MP: 7/15
  5750 | Ossuary  | Reached skill level 5 in Earth Magic
  5752 | Ossuary  | Reached * piety under Dithmenos
  6030 | D:6      | Found a hide-covered altar of Uskayaw.
  6030 | D:6      | Noticed Blork the orc
  6032 | D:6      | Found an ornate altar of the Wu Jian Council.
  6042 | D:6      | Killed Blork the orc
  6162 | D:6      | Found Kelecaxi's Antique Armour Emporium.
  6185 | D:6      | Bought a ripped robe for 125 gold pieces
  6185 | D:6      | Identified the +0 robe of Roezus {rN+ Will+ Str-3 Dex+3}
                  | (You bought it in a shop on level 6 of the Dungeon)
  6551 | D:6      | Reached skill level 5 in Stealth
  6651 | D:6      | Learned a level 4 spell: Petrify
  6786 | D:4      | Reached XP level 9. HP: 52/61 MP: 10/17
  7263 | D:4      | Killed Gorgoleon's ghost
  7355 | D:4      | Identified a scroll of acquirement
  7355 | D:4      | Acquired 505 gold pieces
  7894 | D:7      | Found Rid Meux's General Store.
  7894 | D:7      | Found Alech's Weapon Shoppe.
  7894 | D:7      | Found Unaczimm's Antique Weapon Shoppe.
  7898 | D:7      | Found Qenan's Weapon Shoppe.
  8014 | D:7      | Reached ** piety under Dithmenos
  8154 | D:7      | Learned a level 6 spell: Iron Shot
  8542 | D:8      | Found a staircase to the Lair.
  8570 | D:8      | Gained mutation: You have very sharp fingernails. [demonic
                  | ancestry]
  8570 | D:8      | Reached XP level 10. HP: 67/68 MP: 17/20
  8577 | D:8      | Reached skill level 5 in Polearms
  9211 | D:8      | Slain by a human

Illustrated notes

Levels and vault maps discovered:
D:1:      saegor_arrival_miasma, layout_basic
D:2:      layout_rooms, chequers_serial_rivers_micro_c,
          chequers_serial_rivers_marsh
D:3:      layout_loops_corners, mainiacjoe_overflow_alcove_2, serial_glass,
          glass_columns_c, glass_columns_a,
          hellmonk_ecumenical_altar_crossroads, grunt_decor_one_mirror
D:4:      layout_cave_pools, gammafunk_ghost_split, roderic_batcave,
          hangedman_decor_points
D:5:      layout_gridville, minmay_temple_entry_hall
D:6:      layout_basic, mainiacjoe_overflow_alcove_1, nicolae_overflow_squiral,
          serial_shops, nicolae_shop_waterfront, enter_ossuary_1, uniq_grinder,
          uniq_blork_the_orc
D:7:      layout_cave_pools, roderic_roman_lattice, minmay_shop_grid_forest
D:8:      layout_rooms, david_lair_generic, minmay_ruffians
Temple:   nicolae_temple_superstar

Skill      XL: |  1  2  3  4  5  6  7  8  9 10 |
---------------+-------------------------------+-----
Dodging        | 2 3 |  3.8
Earth Magic    | 3 4 5 7 |  7.7
Stealth        | 2 3 5 6 7 |  7.1
Spellcasting   | 3 4 5 6 7 |  7.5
Polearms       | 1 2 3 4 5 |  5.5
Fighting       | 1 2 |  2.7
Armour         | 1 2 3 |  3.1
Short Blades   | |  0.4
Transmutations | |  0.8

Action                     |  1- 3 |  4- 6 |  7- 9 | 10-12 || total
---------------------------+-------+-------+-------+-------++-------
  Melee: Dagger            |    24 |    12 |       |       ||    36
         Short sword       |     2 |       |       |       ||     2
         Trident           |       |    29 |   147 |    60 ||   236
         Punch             |       |       |     2 |       ||     2
   Cast: Sandblast         |    54 |    88 |   151 |    69 ||   362
         Stone Arrow       |       |     3 |       |       ||     3
    Use: Potion            |     1 |     3 |     1 |     1 ||     6
         Scroll            |       |    11 |     6 |       ||    17
   Stab: Sleeping          |     6 |     2 |    11 |     1 ||    20
         Paralysed         |       |     2 |    64 |    25 ||    91
 Armour: Robe              |    19 |    40 |       |       ||    59
         Leather armour    |       |    10 |    80 |    45 ||   135
  Dodge: Dodged            |    43 |    74 |   152 |   104 ||   373
